 Dungeon Crawl Stone Soup version 0.30.1-11-g7821555f0a (webtiles) character file.

Game seed: 13610684557641647394

22752 Udruchatel the Cleaver (level 12, -9/108 HPs)
             Began as a Minotaur Berserker on Dec 7, 2023.
             Was a High Priest of Trog.
             Killed from afar by a bog body (32 damage)
             ... with a bolt of cold
             ... on level 2 of the Lair of Beasts.
             The game lasted 01:53:52 (9169 turns).

Udruchatel the Cleaver (Minotaur Berserker)         Turns: 9169, Time: 01:53:52

Health: -9/108     AC: 19    Str: 39    XL:     12   Next: 65%
Magic:  11/11      EV: 11    Int:  4    God:    Trog [*****.]
Gold:   683        SH:  5    Dex: 13    Spells: 11/11 levels left

rFire   . . .        N - +4 broad axe
rCold   . . .        L - +0 buckler
rNeg    + . .        C - +0 plate armour "Nitzah" {rPois rN+ Dex+3}
rPois   +            G - +2 hat
rElec   +            (no cloak)
rCorr   .            U - +0 pair of gloves {hurl}
SInv    .            Z - +0 pair of boots
Will    .....        y - amulet of regeneration Stlth
                     I - +6 ring of strength
HPRegen 1.18/turn    o - +6 ring of strength
MPRegen 0.12/turn

%: no passive effects
@: slowed, very slow
A: horns 2, retaliatory headbutt, electricity resistance, MP-powered wands
a: Renounce Religion, Berserk, Trog's Hand, Brothers in Arms


You were on level 2 of the Lair of Beasts.
You worshipped Trog.
Trog was extremely pleased with you.
You visited 2 branches of the dungeon, and saw 13 of its levels.
You also visited: Ossuary and Gauntlet.

You collected 816 gold pieces.
You spent 133 gold pieces at shops.

Inventory:

Hand Weapons
 i - a +1 glaive of flaming
 K - a +1 heavy flail
 M - a +2 spear of venom
 N - a +4 broad axe (weapon)
Missiles
 B - 5 silver boomerangs
 P - a throwing net
Armour
 e - the +5 plate armour of the Fiddle {Str+3 Dex+2}
   (You found it on level 1 of the Lair of Beasts)

   Str:       It affects your strength (+3).
   Dex:       It affects your dexterity (+2).
 C - the +0 plate armour "Nitzah" (worn) {rPois rN+ Dex+3}
   (You found it on level 11 of the Dungeon)

   Dex:       It affects your dexterity (+3).
   rPois:     It protects you from poison.
   rN:        It protects you from negative energy.
 G - a +2 hat (worn)
 L - a +0 buckler (worn)
 U - a +0 pair of gloves of hurling (worn)
 Z - a +0 pair of boots (worn)
Jewellery
 o - a +6 ring of strength (right hand)
 q - a ring of protection from cold
 r - a ring of fire
 y - an amulet of regeneration (around neck)
 D - a ring of see invisible
 I - a +6 ring of strength (left hand)
 V - a ring of flight
Wands
 j - a wand of light (4)
 x - a wand of charming (14)
 E - a wand of flame (50)
 W - a wand of digging (6)
Scrolls
 c - a scroll of enchant weapon
 d - 7 scrolls of enchant armour
 f - 9 scrolls of teleportation
 g - 4 scrolls of vulnerability
 l - 3 scrolls of fear
 s - a scroll of immolation
 z - a scroll of summoning
 H - 2 scrolls of blinking
 O - 3 scrolls of fog
 Q - 2 scrolls of brand weapon {unknown}
 S - 2 scrolls of magic mapping {unknown}
 T - 2 scrolls of acquirement {unknown}
 Y - 3 scrolls of torment
Potions
 a - 2 potions of resistance
 b - 11 potions of curing
 h - 3 potions of haste
 k - 5 potions of might
 m - a potion of ambrosia {unknown}
 n - 2 potions of cancellation {unknown}
 p - 5 potions of flight
 t - 2 potions of degeneration {unknown}
 u - 4 potions of magic
 v - 3 potions of heal wounds {unknown}
 w - a potion of berserk rage {unknown}
 A - a potion of invisibility {unknown}
 F - 3 potions of brilliance {unknown}
 J - a potion of lignification {unknown}


   Skills:
 + Level 10.9 Fighting
 + Level 14.5(16.6) Axes
 + Level 6.9(11.6) Maces & Flails
 + Level 11.6(14.7) Polearms
 - Level 2.0 Ranged Weapons
 + Level 10.8 Armour
 + Level 5.7 Dodging
 + Level 4.4 Shields
 + Level 0.7 Evocations


You had 11 spell levels left.
You didn't know any spells.
Your spell library was empty.

Dungeon Overview and Level Annotations

Branches:
Dungeon (11/15)            Temple (0/1) D:7            Lair (2/5) D:11
  Swamp (0/4) Lair:2      Ossuary (visited)         Gauntlet (visited)
  Snake: Lair:2-3    Spider: Lair:2-3       Orc: D:9-12

Altars:
Elyvilon
Fedhas
Okawaru
Trog
Xom
Yredelemnul

Shops:
D:8 ?


Innate Abilities, Weirdness & Mutations

You have a pair of horns on your head.
You reflexively headbutt those who attack you in melee.
You are resistant to electric shocks. (rElec)
You expend magic power (3 MP) to strengthen your wands.


Message History

A bog body comes into view.
The bog body gestures at you while chanting.
You feel yourself slow down.
The electric eel shoots out a bolt of lightning at you!
The bolt of electricity hits you. You resist.
The electric eel shoots out a bolt of lightning at you!
The bolt of electricity hits you. You resist.
The electric eel shoots out a bolt of lightning at you!
The bolt of electricity hits you. You resist.
The bog body casts a spell at you.
You feel as though you will be slow longer.
Press: ? - help, v - describe, . - travel
Here: a bog body The floor.
You slash the bog body! Your headbutt misses the bog body.
The bog body is heavily damaged.
The electric eel shoots out a bolt of lightning at you!
The bolt of electricity hits you. You resist. The bog body barely misses you.
You hit the bog body.
The bog body is heavily damaged.
The electric eel shoots out a bolt of lightning at you!
The bolt of electricity hits you. You resist. You block the bog body's attack.
You closely miss the bog body.
You headbutt the bog body, but do no damage.
The bog body is heavily damaged.
The bog body points at you and mumbles some strange words.
The bolt of cold hits you!!
You hit the bog body.
The bog body is severely damaged.
You block the bog body's attack.
You hit the bog body.
The bog body is almost destroyed.
The bog body touches you! The bog body freezes you!!
* * * LOW HITPOINT WARNING * * *
The electric eel shoots out a bolt of lightning at you!
The bolt of electricity hits you. You resist.
* * * LOW HITPOINT WARNING * * *
The bog body gestures at you while chanting.
The bolt of cold hits you!!
You die...

# #. ### ###### ###
###..#######P#######.##P#####.# .
.............................. .#
#. ##.....♣♣##♣♣♣P.......#.##
..##.###......♣ ♣♣......#..##
..........♣♣♣♣♣♣♣♣♣♣♣♣♣♣♣♣♣.....#
##>....#♣♣♣≈≈n○§~~~~~~~~~~♣♣♣...P
#......## ♣§§§§♣@♣........†..⌠...
#.......# ♣~.§.......♣.†.....⌠...
.......##♣♣≈§S♣~≈~~~~≈♣≈~~♣♣♣...#
##.....##.♣♣♣♣♣♣♣♣♣♣♣♣♣♣♣♣♣...#.#
#.....#......♣♣ .......P###
###.#..#.....P♣ ♣#♣# ........P
##.........####..##.........
............................
...............<.............


You could see a bog body and an electric eel.

Vanquished Creatures
  A minotaur (Gauntlet)
  2 two-headed ogres
  The ghost of Quickbrownfox the Covert, a novice DsCj of Gozag (D:8)
  A sixfirhy (Gauntlet)
  A manticore (D:11)
  15 elephants
  3 cane toads (Lair:1)
  Maggie (D:6)
  An efreet (Gauntlet)
  2 komodo dragons (Lair:1)
  3 meliai (D:10)
  2 trolls (D:11)
  A vampire (D:9)
  A shadow (D:8)
  A wraith (D:9)
  19 yaks
  A fire elemental (Gauntlet)
  5 wyverns
  A basilisk (Lair:1)
  A steam dragon (D:9)
  2 chaos spawn (Gauntlet)
  A neqoxec (Gauntlet)
  An acid dragon (D:9)
  3 swamp worms (Lair:2)
  2 hell hounds (Gauntlet)
  11 water moccasins
  4 ice beasts
  4 black bears (D:11)
  3 orc warriors
  5 wolves
  3 centaurs
  3 phantoms
  A kobold brigand (D:8)
  5 bullfrogs
  A gnoll sergeant (D:9)
  4 scorpions
  3 wyvern zombies (Ossuary)
  2 water moccasin zombies (Ossuary)
  14 killer bees
  3 bullfrog zombies (Ossuary)
  6 centaur zombies (Ossuary)
  4 hounds (D:5)
  A jelly (D:6)
  4 orc priests
  A wyvern simulacrum (D:8)
  9 mummies (Ossuary)
  2 iguanas
  Ijyb (D:3)
  A sleepcap (D:5)
  Natasha (thrice) (D:3)
  5 orc wizards
  A centaur simulacrum (D:8)
  Robin (D:4)
  2 howler monkey zombies (Ossuary)
  10 gnolls
  2 adders
  A shadow imp (D:8)
  4 white imps
  6 ufetubi
  2 dart slugs
  27 orcs
  6 ball pythons
  2 bats (D:1)
  4 endoplasms
  4 hobgoblins
  5 jackals
  7 kobolds
  A quokka (D:4)
  4 frilled lizards
  15 goblins
  4 rats
283 creatures vanquished.

Notes
Turn   | Place    | Note
-------+----------+-------------------------------------------
     0 | D:1      | Udruchatel the Minotaur Berserker began the quest for the
                  | Orb.
     0 | D:1      | Reached XP level 1. HP: 19/19 MP: 0/0
   260 | D:1      | Reached XP level 2. HP: 24/27 MP: 1/1
   307 | D:1      | Reached skill level 4 in Axes
   489 | D:1      | Found a faded altar of an unknown god.
   921 | D:2      | Reached XP level 3. HP: 28/33 MP: 2/2
  1475 | D:3      | Found a blossoming altar of Fedhas.
  1499 | D:3      | Reached ** piety under Trog
  1500 | D:3      | Reached XP level 4. HP: 35/41 MP: 3/3
  1503 | D:3      | Reached skill level 5 in Axes
  1867 | D:3      | Noticed Ijyb
  1872 | D:3      | Noticed Natasha
  1918 | D:3      | Killed Ijyb
  1927 | D:3      | Killed Natasha
  1928 | D:3      | Reached XP level 5. HP: 47/47 MP: 4/4
  2119 | D:3      | Noticed Natasha
  2129 | D:3      | Killed Natasha
  2140 | D:3      | Noticed Natasha
  2154 | D:3      | Killed Natasha
  2155 | D:3      | Reached skill level 6 in Axes
  2343 | D:4      | Noticed Robin
  2366 | D:4      | Killed Robin
  2367 | D:4      | Reached XP level 6. HP: 55/55 MP: 5/5
  2480 | D:4      | Reached skill level 5 in Fighting
  2480 | D:4      | Reached skill level 7 in Axes
  2480 | D:4      | Reached skill level 1 in Ranged Weapons
  2575 | D:5      | Entered Level 5 of the Dungeon
  2587 | D:5      | Reached XP level 7. HP: 58/61 MP: 6/6
  2687 | D:5      | Reached *** piety under Trog
  2691 | D:5      | Reached skill level 8 in Axes
  3108 | D:5      | Reached skill level 9 in Axes
  3144 | D:6      | Reached skill level 5 in Armour
  3193 | D:6      | Reached XP level 8. HP: 67/70 MP: 7/7
  3266 | D:6      | Identified the +7 dagger "Laint" {protect, rC+ MP+9 Str+4
                  | Stlth+}
  3540 | D:6      | Noticed Maggie
  3549 | D:6      | Killed Maggie
  3550 | D:6      | Reached skill level 10 in Axes
  3596 | D:6      | Reached skill level 1 in Polearms
  3769 | D:7      | Found a staircase to the Ecumenical Temple.
  3943 | D:7      | Found a sand-covered staircase.
  3948 | Ossuary  | Entered an ossuary
  3964 | Ossuary  | Reached XP level 9. HP: 77/77 MP: 8/8
  3999 | Ossuary  | Reached skill level 5 in Polearms
  4045 | Ossuary  | Reached **** piety under Trog
  4726 | D:7      | Gained mutation: Your body sometimes deteriorates upon
                  | taking damage. [potion of mutation]
  4726 | D:7      | Gained mutation: Your muscles are strong. (Str +4, Int/Dex
                  | -1) [potion of mutation]
  4727 | D:7      | Lost mutation: Your body sometimes deteriorates upon taking
                  | damage. [potion of mutation]
  4727 | D:7      | Lost mutation: Your muscles are strong. (Str +4, Int/Dex
                  | -1) [potion of mutation]
  4727 | D:7      | Gained mutation: You expend magic power (3 MP) to
                  | strengthen your wands. [potion of mutation]
  4727 | D:7      | Gained mutation: You are resistant to electric shocks.
                  | (rElec) [potion of mutation]
  4778 | D:8      | Found Palil's Magic Scroll Shoppe.
  4789 | D:8      | Bought a scroll of enchant weapon for 105 gold pieces
  4789 | D:8      | Bought a scroll of identify for 28 gold pieces
  4838 | D:8      | Found a runed translucent gate.
  4838 | D:8      | Found a runed translucent gate.
  4849 | D:8      | Found a runed translucent gate.
  4879 | D:8      | Noticed Quickbrownfox's ghost (novice DsCj)
  4891 | D:8      | Killed Quickbrownfox's ghost
  4901 | D:8      | Got the ring "Gesy" {Fire rElec rCorr Str-2 Stlth+}
  4984 | D:8      | Reached XP level 10. HP: 86/86 MP: 9/9
  5067 | D:8      | Reached skill level 10 in Polearms
  5111 | D:8      | Found a bloodstained altar of Trog.
  5115 | D:8      | Found a white marble altar of Elyvilon.
  5278 | D:8      | Found a shimmering altar of Xom.
  5355 | D:9      | Noticed a two-headed ogre
  5359 | D:9      | Killed a two-headed ogre
  5471 | D:9      | Reached ***** piety under Trog
  5498 | D:9      | You fall into a shaft and drop 1 floor!
  5498 | D:10     | Entered Level 10 of the Dungeon
  5525 | D:10     | Reached skill level 1 in Maces & Flails
  5607 | D:9      | Received a gift from Trog
  6509 | D:9      | Identified the +5 plate armour "Otitrir" {Int+3}
  6880 | D:10     | Found a basalt altar of Yredelemnul.
  6889 | D:10     | Found an iron altar of Okawaru.
  6922 | D:10     | Reached skill level 5 in Dodging
  6973 | D:10     | Reached XP level 11. HP: 66/95 MP: 10/10
  6981 | D:10     | Reached skill level 11 in Axes
  7234 | D:11     | Identified the +0 plate armour "Nitzah" {rPois rN+ Dex+3}
  7285 | D:11     | Reached skill level 5 in Maces & Flails
  7351 | D:11     | Reached skill level 1 in Shields
  7354 | D:11     | Noticed a two-headed ogre
  7362 | D:11     | Killed a two-headed ogre
  7407 | D:11     | Reached skill level 12 in Axes
  7458 | D:11     | Found a staircase to the Lair.
  7577 | Lair:1   | Entered Level 1 of the Lair of Beasts
  7579 | Lair:1   | Found a gate leading to a gauntlet.
  7587 | Gauntlet | Entered a Gauntlet
  7587 | Gauntlet | Found a transporter.
  7597 | Gauntlet | Found a transporter.
  7611 | Gauntlet | Found a transporter.
  7616 | Gauntlet | Found a transporter.
  7618 | Gauntlet | Noticed a seven-headed hydra
  7641 | Gauntlet | Found a transporter.
  7650 | Gauntlet | Found a transporter.
  7662 | Gauntlet | Found a transporter.
  7670 | Gauntlet | Noticed a wizard
  7671 | Gauntlet | Noticed a wizard
  7674 | Gauntlet | Found a transporter.
  7682 | Gauntlet | Noticed a dire elephant
  7686 | Gauntlet | Found a transporter.
  7698 | Gauntlet | Found a transporter.
  7715 | Gauntlet | Found a transporter.
  7732 | Gauntlet | Found a transporter.
  7734 | Gauntlet | Found a transporter.
  7741 | Gauntlet | Noticed a death scarab
  7755 | Gauntlet | Noticed a sixfirhy
  7766 | Gauntlet | Found a transporter.
  7772 | Gauntlet | Killed a sixfirhy
  7777 | Gauntlet | Found a transporter.
  7777 | Gauntlet | Found a transporter.
  7828 | Gauntlet | Found a transporter.
  7838 | Gauntlet | Found a transporter.
  8084 | Gauntlet | Noticed a minotaur
  8102 | Gauntlet | Killed a minotaur
  8294 | Lair:1   | Reached XP level 12. HP: 106/106 MP: 11/11
  8334 | Lair:1   | Reached skill level 10 in Fighting
  8334 | Lair:1   | Reached skill level 10 in Armour
  8415 | Lair:1   | Reached skill level 13 in Axes
  8849 | Lair:1   | Identified the +5 plate armour of the Fiddle {Str+3 Dex+2}
  8943 | Lair:1   | Reached skill level 14 in Axes
  9159 | Lair:2   | Found a staircase to the Swamp.
  9169 | Lair:2   | Killed from afar by a bog body

Illustrated notes

Levels and vault maps discovered:
D:1:      dpeg_arrival_round_b, layout_loops_ring,
          shapermc_ecumenical_altar_notcrosses, kennysheep_nondescript,
          chequers_serial_rivers_large_b
D:2:      layout_basic
D:3:      layout_loops_ring, overflow_temple_1_default, minmay_misc_feat_rows,
          chequers_mini_garden, uniq_natasha, uniq_ijyb
D:4:      layout_basic, uniq_robin
D:5:      layout_cave_pools
D:6:      layout_loops_ring, uniq_maggie
D:7:      layout_loops_ring, minmay_temple_entry_purple_smoke,
          nicolae_ossuary_entry_plus
D:8:      layout_loops_cross, grunt_temple_overflow_open, lemuel_tele_altar,
          serial_shops, nicolae_shop_waterfront, gammafunk_ghost_icy
D:9:      layout_stronghold
D:10:     layout_roguey, mainiacjoe_overflow_swirl
D:11:     layout_cross, minmay_lair_entry_grove
Lair:1:   layout_small_grid, gauntlet_entry_generic, infiniplex_staircase_pool
Lair:2:   layout_regular_city, nicolae_swamp_entry_splash_gauntlet,
          minmay_snake_entry_guardpost_small, basic_altar, serial_bayou_shore_b

Skill      XL: |  1  2  3  4  5  6  7  8  9 10 11 12 |
---------------+-------------------------------------+-----
Axes           | 4 5 6 7 9 10 12 14 | 14.5
Fighting       | 4 5 6 7 8 9 10 | 10.9
Armour         | 3 4 5 6 7 9 10 | 10.8
Dodging        | 3 4 5 |  5.7
Ranged Weapons | 1 2 |  2.0
Polearms       | 4 9 11 | 11.6
Maces & Flails | 4 6 |  6.9
Shields        | 3 4 |  4.4
Evocations     | |  0.7

Action                     |  1- 3 |  4- 6 |  7- 9 | 10-12 || total
---------------------------+-------+-------+-------+-------++-------
  Melee: Hand axe          |    71 |   118 |    64 |       ||   253
         Headbutt          |     8 |    10 |    39 |    83 ||   140
         Punch             |       |     1 |     1 |       ||     2
         War axe           |       |       |    43 |       ||    43
         Glaive            |       |       |   137 |    54 ||   191
         Broad axe         |       |       |       |   225 ||   225
         Flail             |       |       |       |    96 ||    96
   Fire: Sling             |       |     4 |       |       ||     4
         Shortbow          |       |       |     7 |       ||     7
 Invoke: Berserk           |       |     2 |     2 |     5 ||     9
         Trog's Hand       |       |       |       |     1 ||     1
  Evoke: Wand              |       |       |     3 |       ||     3
    Use: Scroll            |       |       |    11 |     7 ||    18
         Potion            |       |       |     2 |       ||     2
 Armour: Animal skin       |     3 |       |       |       ||     3
         Ring mail         |    10 |       |       |       ||    10
         Chain mail        |    12 |    59 |    51 |       ||   122
         Swamp dragon scal |       |       |    39 |    37 ||    76
         Plate armour      |       |       |       |   204 ||   204
  Dodge: Dodged            |    27 |    59 |   103 |   233 ||   422
  Block: Buckler           |       |       |       |    50 ||    50
